 Dungeon Crawl Stone Soup version 0.30-a0-12-gd8047c6341 (webtiles) character file.

Game seed: 2929829216508039500

48 blackman the Chopper (level 3, 0/31 HPs)
             Began as a Hill Orc Monk on Aug 23, 2022.
             Slain by an orc
             ... wielding a +0 hand axe
              (3 damage)
             ... on level 3 of the Dungeon.
             The game lasted 00:02:51 (2808 turns).

blackman the Chopper (Hill Orc Monk)                Turns: 2808, Time: 00:02:51

Health: 0/31       AC:  3    Str: 15    XL:     3   Next: 72%
Magic:  3/3        EV: 12    Int: 10    God:
Gold:   72         SH:  0    Dex: 13    Spells: 2/2 levels left

rFire   . . .      SeeInvis .    a - +0 hand axe
rCold   . . .      Faith    .    (no shield)
rNeg    . . .      Spirit   .    b - +0 robe
rPois   .          Reflect  .    (no helmet)
rElec   .          Harm     .    (no cloak)
rCorr   .          Rampage  .    e - +0 pair of gloves
Will    .....                    (no boots)
Stlth   ++........               (no amulet)
HPRegen 0.10/turn                (no ring)
MPRegen 0.08/turn                (no ring)

@: lethally poisoned (0 -> -6)
A: no striking features
a: no special abilities


You were on level 3 of the Dungeon.
You visited 1 branch of the dungeon, and saw 3 of its levels.

You collected 72 gold pieces.

Inventory:

Hand Weapons
 a - a +0 hand axe (weapon)
Armour
 b - a +0 robe (worn)
 e - a +0 pair of gloves (worn)
Scrolls
 f - 2 scrolls of identify
 h - a scroll of immolation
 j - a scroll of magic mapping
 k - a scroll of teleportation {unknown}
Potions
 d - 2 potions of invisibility {unknown}
 g - a potion of might {unknown}
 i - a potion of curing {unknown}


   Skills:
 - Level 3.6 Fighting
 + Level 6.1 Axes
 - Level 2.4 Dodging
 - Level 1.5 Stealth


You had 2 spell levels left.
You didn't know any spells.
Your spell library contained the following spells:

 Spells                   Type           Power      Damage    Failure   Level
 Magic Dart               Conj           0%         1d3       36%         1
 Searing Ray              Conj           0%         2d4       50%         2
 Sublimation of Blood     Necr           0%         N/A       50%         2
 Wereblood                Tmut           0%         N/A       50%         2
 Fulminant Prism          Conj/Hex       0%         3d6       98%         4
 Summon Hydra             Summ           0%         N/A       100%        7


Dungeon Overview and Level Annotations

Branches:
Dungeon (3/15)

Altars:

Shops:
D:3 (


Message History

The orc hits you from afar with a +0 trident.
As you read the scroll labelled ELOQEUKOBU, it crumbles to dust.
It is a scroll of identify.
h - a scroll of immolation The orc barely misses you.
The orc misses you. The orc hits you with a +0 club.
The orc hits you from afar with a +0 trident.
You are confused.
You feel invigorated.
The orc misses you. x3; The orc barely misses you.
The orc hits you with a +0 club.
You miss the orc. You closely miss the orc. You completely miss the orc. x2
The orc hits you with a +0 war axe! The orc hits you with a +0 club.
The orc barely misses you. The orc hits you with a +0 club.
The orc barely misses you.
You closely miss the orc. You hit the orc but do no damage.
You closely miss the orc. You hit the orc. The orc barely misses you.
The orc misses you. The orc barely misses you.
The orc hits you from afar with a +0 trident.
The kobold throws a poisoned dart.
The poisoned dart closely misses you.
The poisoned dart barely misses the orc.
The orc hits you with a +0 trident!
* * * LOW HITPOINT WARNING * * *
The orc misses you. x2; The orc closely misses you.
The orc hits you with a +0 club.
* * * LOW HITPOINT WARNING * * *
The kobold throws a poisoned dart.
The poisoned dart hits you!
You are lethally poisoned!
The orc attacks as you move away! The orc hits you with a +0 trident.
* * * LOW HITPOINT WARNING * * *
You feel less invigorated.
You feel less confused.
* * * LOW HITPOINT WARNING * * *
You feel very sick.
The orc hits you but does no damage. x2; The orc barely misses you.
The orc closely misses you. The orc barely misses you.
* * * LOW HITPOINT WARNING * * *
You feel sick. The orc hits you with a +0 trident.
* * * LOW HITPOINT WARNING * * *
The orc barely misses you. The orc closely misses you.
The orc hits you with a +0 hand axe.
You die...

,,,,,****,** ***,,,*** *,,,,
,,,,,,,,*,* *,,,* ****,
~~,~~**,*,**** *,,,* *,
~~,~~**,,,,,,* *,,,* *,
,,,,,~~,,,,,,* *,,,********,
,,~,,~~,,,,,,* *,,,,,,,,,***
,,∩,,,,,,.,,,#########*,,,***,***
,,,,,~~,,....#..oo...#)†.,,*,,,**
,,,,,~~,,......o@.K......,,,,,,,,
~~~~~**,,....#..oo..?...∩,,,,,,**
~~~~~**,*#*,,########....,,,*,***
,,,,,~,,,,,,,* **...,,*,,**,
***********,** ***,.,**,,,,, *,,*
*,,,**,**,*,, **,* *,,,**,**,,,,
******** **,****** *,,,**,****,,
,,,,,,,****,,,,,,,* *,>,,,,,,,,,,


You could see 5 orcs and a kobold.

Vanquished Creatures
  2 adders (D:2)
  A dart slug (D:2)
  4 ball pythons
  2 endoplasms (D:1)
  A hobgoblin (D:2)
  4 quokkas
  5 bats
  3 frilled lizards
  3 goblins (D:1)
  2 kobolds (D:1)
  3 rats
30 creatures vanquished.

Notes
Turn   | Place    | Note
-------+----------+-------------------------------------------
     0 | D:1      | blackman the Hill Orc Monk began the quest for the Orb.
     0 | D:1      | Reached XP level 1. HP: 19/19 MP: 1/1
   569 | D:1      | Reached XP level 2. HP: 14/26 MP: 2/2
   827 | D:1      | Reached skill level 5 in Axes
  1146 | D:1      | Found a faded altar of an unknown god.
  1726 | D:2      | Reached XP level 3. HP: 20/31 MP: 3/3
  2009 | D:2      | Reached skill level 6 in Axes
  2799 | D:3      | Found Irghew's Weapon Emporium.
  2808 | D:3      | Slain by an orc

Illustrated notes

Levels and vault maps discovered:
D:1:      erik_arrival_blinker_ship, layout_basic,
          shapermc_ecumenical_altar_ellora, chequers_serial_rivers_room_b
D:2:      layout_loops_ring, serial_co_window_serial, co_window_corner_a,
          co_window_paths_a, co_window_corner_a, co_window_corner_a,
          co_window_paths_b, co_window_broadway_a, co_window_corner_b,
          co_window_2corner, co_window_broadway_b, co_window_paths_c,
          co_window_2corner, co_window_corner_b, chequers_garden, minivault_26
D:3:      layout_loops_cross, serial_shops, nicolae_shop_bloodbath_and_beyond,
          cheibrodos_sewer_entry_sluice

Skill      XL: |  1  2  3 |
---------------+----------+-----
Axes           | 5 6 |  6.1
Fighting       | |  3.6
Dodging        | |  2.4
Stealth        | |  1.5

Action                   || total
-------------------------++-------
Melee: Hand axe          ||    93
       Punch             ||     1
  Use: Potion            ||     2
       Scroll            ||     2
 Stab: Sleeping          ||     9
Armor: Robe              ||    17
Dodge: Dodged            ||    82

Table legend: (Time is in decaauts)
 A = Elapsed time spent in this place.
 B = Non-inter-level travel time spent in this place.
 C = Inter-level travel time spent in this place.
 D = Time resting spent in this place.
 E = Time spent auto-exploring this place.
 F = Levels seen in this place.
 G = Mean time per level.
                   A        B        C        D        E       F      G
               +--------+--------+--------+--------+--------+-----+--------+
         Total |   2814 |   2761 |     53 |      0 |   2507 |   3 |  938.0 |
       Dungeon |   2814 |   2761 |     53 |      0 |   2507 |   3 |  938.0 |
               +--------+--------+--------+--------+--------+-----+--------+

Top non-repeatable levels by time:
     D:1: 1506 daAuts
     D:2: 1298 daAuts
     D:3: 8 daAuts
